TOP OF THE 1ST |
Lannister United Lionhearts batting - Pitching for Lancaster Farmers : RHP Roger Rodenburg
|
Pitching: RHP Roger Rodenburg
|
|
Batting: RHB Dejmi Dumervil
|
0-0: Foul Ball, location: 2F 0-1: Called Strike 0-2: Ball 1-2: Strikes out swinging
|
Batting: RHB Gilberto Clemente
|
0-0: Ground out 6-3 (Groundball, 56)
|
Batting: SHB Gerrie Bond
|
0-0: Ground out 3-1 (Groundball, 34S)
|
Top of the 1st over - 0 runs, 0 hits, 0 errors, 0 left on base; Lannister United 0 - Lancaster 0 |
BOTTOM OF THE 1ST |
Lancaster Farmers batting - Pitching for Lannister United Lionhearts : RHP Julián Moreno
|
Pitching: RHP Julián Moreno
|
|
Batting: LHB Francisco Barranco
|
0-0: Called Strike 0-1: Ball 1-1: Foul Ball, location: 2F 1-2: Strikes out swinging
|
Batting: RHB José Medina
|
0-0: Ball 1-0: Called Strike 1-1: Foul Ball, location: 2F 1-2: Ball 2-2: Ball 3-2: Fly out, F7 (Flyball, 8LS)
|
Batting: LHB Ramón Padilla
|
0-0: Swinging Strike 0-1: Foul Ball, location: 2F 0-2: Ball 1-2: Ball 2-2: Ball 3-2: Fly out, F7 (Flyball, 78D)
|
Bottom of the 1st over - 0 runs, 0 hits, 0 errors, 0 left on base; Lannister United 0 - Lancaster 0 |
TOP OF THE 2ND |
Lannister United Lionhearts batting - Pitching for Lancaster Farmers : RHP Roger Rodenburg
|
Batting: LHB Dave Watts
|
0-0: Fly out, F6 (Popup, 6M)
|
Batting: SHB Miklos Elias
|
0-0: Ball 1-0: Called Strike 1-1: Called Strike 1-2: Strikes out swinging
|
Batting: RHB Juan López
|
0-0: Foul Ball, location: 2F 0-1: Foul Ball, location: 2F 0-2: Ball 1-2: DOUBLE (Line Drive, 9LM) - OUT at third base trying to stretch hit.
|
Top of the 2nd over - 0 runs, 1 hit, 0 errors, 0 left on base; Lannister United 0 - Lancaster 0 |
BOTTOM OF THE 2ND |
Lancaster Farmers batting - Pitching for Lannister United Lionhearts : RHP Julián Moreno
|
Batting: RHB Domingo Altamiraño
|
0-0: Called Strike 0-1: Foul Ball, location: 2F 0-2: Ball 1-2: SINGLE (Groundball, 4MD)
|
Batting: RHB Jesús Herrera
|
0-0: Ball 1-0: Ball 2-0: Called Strike 2-1: Foul Ball, location: 2F 2-2: Foul Ball, location: 2F 2-2: SINGLE (Flyball, 89M) Domingo Altamiraño to second Runner from 2nd tries for 3rd, SAFE, no throw
|
Batting: RHB Cisco Gómez
|
0-0: Called Strike 0-1: DOUBLE (Flyball, 78XD) Domingo Altamiraño scores Jesús Herrera to third
|
Batting: LHB Alfonso Pacheco
|
0-0: Foul Ball, location: 2F 0-1: Swinging Strike 0-2: Ball 1-2: Foul Ball, location: 2F 1-2: Ball 2-2: Ground out 5-3 (Groundball, 5)
|
Batting: RHB Min-tae Yi
|
0-0: Ball 1-0: Fly out, F9 (Flyball, 89S)
|
Batting: RHB Rusty Fox
|
0-0: Called Strike 0-1: SINGLE (Groundball, 4D) Jesús Herrera scores Cisco Gómez to third Runner from 3rd tries for Home, SAFE, throw made home
|
Batting: LHB Francisco Barranco
|
0-0: Ball 1-0: Fly out, F9 (Flyball, 9S)
|
Bottom of the 2nd over - 3 runs, 4 hits, 0 errors, 1 left on base; Lannister United 0 - Lancaster 3 |
TOP OF THE 3RD |
Lannister United Lionhearts batting - Pitching for Lancaster Farmers : RHP Roger Rodenburg
|
Batting: RHB Andy Garnet
|
0-0: Swinging Strike 0-1: Called Strike 0-2: Ball 1-2: Ball 2-2: Strikes out swinging
|
Batting: RHB Gonzalo Vásquez
|
0-0: Foul Ball, location: 2F 0-1: Ball 1-1: Ball 2-1: Foul Ball, location: 2F 2-2: SINGLE (Line Drive, 8LS)
|
Batting: LHB Jack Donohue
|
0-0: Ball Gonzalo Vásquez steals 2nd base 1-0: Called Strike 1-1: Ball 2-1: Ground out 4-3 (Groundball, 4) Gonzalo Vásquez to third
|
Batting: RHB Dejmi Dumervil
|
0-0: Fly out, F3 (Popup, 3SF)
|
Top of the 3rd over - 0 runs, 1 hit, 0 errors, 1 left on base; Lannister United 0 - Lancaster 3 |
BOTTOM OF THE 3RD |
Lancaster Farmers batting - Pitching for Lannister United Lionhearts : RHP Julián Moreno
|
Batting: RHB José Medina
|
0-0: Ball 1-0: Fly out, F8 (Line Drive, 8LD)
|
Batting: LHB Ramón Padilla
|
0-0: Called Strike 0-1: Swinging Strike 0-2: Fly out, F8 (Flyball, 8LS)
|
Batting: RHB Domingo Altamiraño
|
0-0: Called Strike 0-1: Called Strike 0-2: Foul Ball, location: 2F 0-2: Ball 1-2: Ground out 1-3 (Groundball, 13)
|
Bottom of the 3rd over - 0 runs, 0 hits, 0 errors, 0 left on base; Lannister United 0 - Lancaster 3 |
TOP OF THE 4TH |
Lannister United Lionhearts batting - Pitching for Lancaster Farmers : RHP Roger Rodenburg
|
Batting: RHB Gilberto Clemente
|
0-0: Swinging Strike 0-1: Fly out, F7 (Flyball, 7LM)
|
Batting: SHB Gerrie Bond
|
0-0: Ball 1-0: Called Strike 1-1: Ball 2-1: Swinging Strike 2-2: SOLO HOME RUN (Flyball, 78XD), Distance : 421 ft
|
Batting: LHB Dave Watts
|
0-0: Ball 1-0: Fly out, F8 (Flyball, 8LM)
|
Batting: SHB Miklos Elias
|
0-0: Called Strike 0-1: Ball 1-1: Foul Ball, location: 2F 1-2: Ball 2-2: Ball 3-2: SINGLE (Flyball, 78S)
|
Batting: RHB Juan López
|
Pickoff Throw to First - Error! E1 Miklos Elias to second 0-0: Swinging Strike 0-1: Swinging Strike 0-2: Ground out 6-3 (Groundball, 6)
|
Top of the 4th over - 1 run, 2 hits, 1 error, 1 left on base; Lannister United 1 - Lancaster 3 |
BOTTOM OF THE 4TH |
Lancaster Farmers batting - Pitching for Lannister United Lionhearts : RHP Julián Moreno
|
Batting: RHB Jesús Herrera
|
0-0: Ball 1-0: Fly out, F7 (Flyball, 78M)
|
Batting: RHB Cisco Gómez
|
0-0: Fly out, F8 (Flyball, 8LXD)
|
Batting: LHB Alfonso Pacheco
|
0-0: Ball 1-0: Ball 2-0: Called Strike 2-1: Foul Ball, location: 2F 2-2: Fly out, F8 (Flyball, 8RM)
|
Bottom of the 4th over - 0 runs, 0 hits, 0 errors, 0 left on base; Lannister United 1 - Lancaster 3 |
TOP OF THE 5TH |
Lannister United Lionhearts batting - Pitching for Lancaster Farmers : RHP Roger Rodenburg
|
Batting: RHB Andy Garnet
|
0-0: Foul Ball, location: 2F 0-1: Ball 1-1: Foul Ball, location: 2F 1-2: Ball 2-2: Foul Ball, location: 2F 2-2: Strikes out swinging
|
Batting: RHB Gonzalo Vásquez
|
0-0: TRIPLE (Flyball, 78XD)
|
Batting: LHB Jack Donohue
|
0-0: Ball 1-0: Called Strike 1-1: Ball 2-1: Foul Ball, location: 2F 2-2: Strikes out swinging
|
Batting: RHB Dejmi Dumervil
|
0-0: Ball 1-0: Ground out 4-3 (Groundball, 4)
|
Top of the 5th over - 0 runs, 1 hit, 0 errors, 1 left on base; Lannister United 1 - Lancaster 3 |
BOTTOM OF THE 5TH |
Lancaster Farmers batting - Pitching for Lannister United Lionhearts : RHP Julián Moreno
|
Batting: RHB Min-tae Yi
|
0-0: Called Strike 0-1: Ball 1-1: Fly out, F8 (Flyball, 8RD)
|
Batting: RHB Rusty Fox
|
0-0: Ground out 4-3 (Groundball, 4MS)
|
Batting: LHB Francisco Barranco
|
0-0: Called Strike 0-1: Called Strike 0-2: Reached on error, E6 (Groundball, 6S)
|
Batting: RHB José Medina
|
0-0: Called Strike 0-1: Ball 1-1: Swinging Strike 1-2: Ground out 5-3 (Groundball, 56)
|
Bottom of the 5th over - 0 runs, 0 hits, 1 error, 1 left on base; Lannister United 1 - Lancaster 3 |
TOP OF THE 6TH |
Lannister United Lionhearts batting - Pitching for Lancaster Farmers : RHP Roger Rodenburg
|
Batting: RHB Gilberto Clemente
|
0-0: Called Strike 0-1: Called Strike 0-2: Fly out, F7 (Line Drive, 78D)
|
Batting: SHB Gerrie Bond
|
0-0: Called Strike 0-1: Ball 1-1: SINGLE (Flyball, 9LM)
|
Batting: LHB Dave Watts
|
0-0: Foul Ball, location: 2F 0-1: Hit by Pitch Gerrie Bond to second
|
Batting: SHB Miklos Elias
|
0-0: Swinging Strike 0-1: Ball 1-1: Foul Ball, location: 2F 1-2: Foul Ball, location: 2F 1-2: Strikes out swinging
|
Batting: RHB Juan López
|
0-0: Ball 1-0: Swinging Strike 1-1: Swinging Strike 1-2: Ball 2-2: Strikes out swinging
|
Top of the 6th over - 0 runs, 1 hit, 0 errors, 2 left on base; Lannister United 1 - Lancaster 3 |
BOTTOM OF THE 6TH |
Lancaster Farmers batting - Pitching for Lannister United Lionhearts : RHP Julián Moreno
|
Batting: LHB Ramón Padilla
|
0-0: Ground out 4-3 (Groundball, 4M)
|
Batting: RHB Domingo Altamiraño
|
0-0: Called Strike 0-1: Ball 1-1: Swinging Strike 1-2: Strikes out swinging
|
Batting: RHB Jesús Herrera
|
0-0: Ball 1-0: Fly out, F7 (Flyball, 78D)
|
Bottom of the 6th over - 0 runs, 0 hits, 0 errors, 0 left on base; Lannister United 1 - Lancaster 3 |
TOP OF THE 7TH |
Lannister United Lionhearts batting - Pitching for Lancaster Farmers : RHP Roger Rodenburg
|
Batting: RHB Andy Garnet
|
0-0: Swinging Strike 0-1: SINGLE (Groundball, 34D)
|
Batting: RHB Gonzalo Vásquez
|
0-0: Ball 1-0: Ball 2-0: Ball 3-0: Called Strike 3-1: Bunt - Flyout! F1
|
Batting: LHB Jack Donohue
|
0-0: Foul Ball, location: 2F 0-1: Ball 1-1: SINGLE (Groundball, 6MD) Andy Garnet to second Runner from 2nd tries for 3rd, SAFE, throw made to third Jack Donohue to second
|
Pitching: RHP Tony Wolfe
|
|
Batting: RHB Dejmi Dumervil
|
0-0: Called Strike 0-1: Called Strike 0-2: Ball 1-2: Ball 2-2: Strikes out swinging
|
Batting: RHB Gilberto Clemente
|
0-0: Ball 1-0: Ball 2-0: Foul Ball, location: 2F 2-1: Ball 3-1: Foul Ball, location: 2F 3-2: Foul Ball, location: 2F 3-2: Base on Balls
|
Batting: SHB Gerrie Bond
|
0-0: Ball 1-0: Called Strike 1-1: Foul Ball, location: 2F 1-2: Strikes out swinging
|
Top of the 7th over - 0 runs, 2 hits, 0 errors, 3 left on base; Lannister United 1 - Lancaster 3 |
BOTTOM OF THE 7TH |
Lancaster Farmers batting - Pitching for Lannister United Lionhearts : RHP Julián Moreno
|
Batting: RHB Cisco Gómez
|
0-0: SINGLE (Groundball, 6MD)
|
Batting: LHB Alfonso Pacheco
|
0-0: Ball 1-0: Bunted foul 1-1: Sac Bunt - play at first, batter OUT! 2-4 Cisco Gómez to second
|
Batting: RHB Min-tae Yi
|
0-0: Foul Ball, location: 2F 0-1: SINGLE (Line Drive, 6MD) Cisco Gómez to third Runner from 3rd tries for Home, throw and OUT! Min-tae Yi to second
|
Batting: RHB Rusty Fox
|
0-0: Intentional Walk
|
Batting: LHB Francisco Barranco
|
0-0: Ball 1-0: Ball 2-0: Ground out 4-3 (Groundball, 4)
|
Bottom of the 7th over - 0 runs, 2 hits, 0 errors, 2 left on base; Lannister United 1 - Lancaster 3 |
TOP OF THE 8TH |
Lannister United Lionhearts batting - Pitching for Lancaster Farmers : RHP Tony Wolfe
|
Batting: LHB Dave Watts
|
0-0: Swinging Strike 0-1: SOLO HOME RUN (Flyball, 89XD), Distance : 418 ft
|
Batting: SHB Miklos Elias
|
0-0: Called Strike 0-1: Called Strike 0-2: Ball 1-2: Strikes out swinging
|
Batting: RHB Juan López
|
0-0: Ball 1-0: Called Strike 1-1: Foul Ball, location: 2F 1-2: Ball 2-2: Ball 3-2: Foul Ball, location: 2F 3-2: Base on Balls
|
Batting: RHB Andy Garnet
|
0-0: Called Strike 0-1: Ball 1-1: Ball 2-1: Called Strike 2-2: Foul Ball, location: 2F 2-2: Ground out 5-3 (Groundball, 56S) Juan López to second
|
Pitching: RHP António Rodríguez
|
|
Batting: RHB Gonzalo Vásquez
|
0-0: Swinging Strike 0-1: Ball 1-1: Ball 2-1: Called Strike 2-2: Ball 3-2: Strikes out looking
|
Top of the 8th over - 1 run, 1 hit, 0 errors, 1 left on base; Lannister United 2 - Lancaster 3 |
BOTTOM OF THE 8TH |
Lancaster Farmers batting - Pitching for Lannister United Lionhearts : RHP Julián Moreno
|
Batting: RHB José Medina
|
0-0: Fly out, F6 (Popup, 6)
|
Batting: LHB Ramón Padilla
|
0-0: Ball 1-0: Foul Ball, location: 2F 1-1: Swinging Strike 1-2: Ball 2-2: Ball 3-2: Ground out 4-3 (Groundball, 4)
|
Batting: RHB Domingo Altamiraño
|
0-0: Called Strike 0-1: Swinging Strike 0-2: Ball 1-2: Ball 2-2: Ball 3-2: Foul Ball, location: 2F 3-2: Fly out, F7 (Flyball, 78M)
|
Bottom of the 8th over - 0 runs, 0 hits, 0 errors, 0 left on base; Lannister United 2 - Lancaster 3 |
TOP OF THE 9TH |
Lannister United Lionhearts batting - Pitching for Lancaster Farmers : RHP António Rodríguez
|
Pitching: RHP René Fontaine
|
|
Batting: LHB Jack Donohue
|
0-0: Ball 1-0: Foul Ball, location: 2F 1-1: Swinging Strike 1-2: Strikes out swinging
|
Batting: RHB Dejmi Dumervil
|
0-0: Called Strike 0-1: Ball 1-1: Swinging Strike 1-2: Strikes out looking
|
Batting: RHB Gilberto Clemente
|
0-0: Ball 1-0: Called Strike 1-1: Swinging Strike 1-2: Foul Ball, location: 2F 1-2: Ball 2-2: Strikes out swinging
|
Top of the 9th over - 0 runs, 0 hits, 0 errors, 0 left on base; Lannister United 2 - Lancaster 3 |
|